 Dungeon Crawl Stone Soup version 0.28.0-53-g5a82cb258f (webtiles) character file.

Game seed: 1907396721845698732

480 KrombopulosMichael the Digger (level 7, 0/42 HPs)
             Began as a Formicid Earth Elementalist on Aug 3, 2022.
             Slain by Duvessa
             ... wielding a +2 rapier of flaming
              (7 damage)
             ... on level 5 of the Dungeon.
             The game lasted 00:11:10 (4236 turns).

KrombopulosMichael the Digger (FoEE)                Turns: 4236, Time: 00:11:11

Health: 0/42       AC:  4    Str: 10 (12) XL:     7   Next: 34%
Magic:  14/14      EV: 10    Int: 16 (17) God:
Gold:   176        SH:  0    Dex: 11      Spells: 7/16 levels left

rFire   . . .      SeeInvis +   l - +1 dagger (drain)
rCold   . . .      Faith    .   j - +0 kite shield
rNeg    + . .      Spirit   .   r - +2 robe {rN+}
rPois   .          Reflect  .   (helmet unavailable)
rElec   .          Harm     .   (no cloak)
rCorr   .          Rampage  .   (no gloves)
Will    .....                   (no boots)
Stlth   +.........              (no amulet)
HPRegen 0.14/turn               (no ring)
MPRegen 0.14/turn               (no ring)

@: confused, ambrosia-drunk, very slightly contaminated
A: permanent stasis, dig shafts and tunnels, antennae 3, four strong arms, frail
1
a: Dig, Shaft Self


You were on level 5 of the Dungeon.
You visited 1 branch of the dungeon, and saw 5 of its levels.

You collected 176 gold pieces.

Inventory:

Hand Weapons
 k - a +0 quarterstaff
 l - a +1 dagger of draining (weapon)
Missiles
 c - 61 stones
 n - 14 sling bullets
Armour
 b - a +0 robe
 g - a +0 ring mail
 j - a +0 kite shield (worn)
 r - a +2 robe of positive energy (worn)
Wands
 a - a wand of acid (3)
Scrolls
 d - a scroll of fear
 e - a scroll of teleportation
 h - a scroll of immolation {unknown}
 m - a scroll of blinking {unknown}
 p - a scroll of enchant weapon {unknown}
 q - a scroll of fog
 s - a scroll of enchant armour {unknown}
Potions
 i - 2 potions of brilliance
 o - a potion of degeneration


   Skills:
 + Level 0.7 Fighting
 + Level 0.9 Short Blades
 + Level 2.3 Armour
 + Level 2.0 Dodging
 + Level 3.3 Stealth
 * Level 2.0 Shields
 * Level 5.0 Spellcasting
 + Level 0.1 Conjurations
 + Level 1.1 Transmutations
 + Level 5.7 Earth Magic


You had 7 spell levels left.
You knew the following spells:

 Your Spells              Type           Power      Damage    Failure   Level
a - Sandblast             Erth           44%        2d11      3%          1
b - Petrify               Tmut/Erth      15%        N/A       65%         4
c - Stone Arrow           Conj/Erth      26%        3d8       32%         3
d - Magic Dart            Conj           16%        1d3       34%         1

Your spell library contained the following spells:

 Spells                   Type           Power      Damage    Failure   Level
 Passwall                 Tmut/Erth      12%        N/A       14%         2
 Searing Ray              Conj           8%         2d4       47%         2
 Fulminant Prism          Conj/Hex       2%         3d6       98%         4


Dungeon Overview and Level Annotations

Branches:
Dungeon (5/15)
 Temple: D:4-7

Altars:

Shops:
D:3 =

Annotations:
D:5 Duvessa


Innate Abilities, Weirdness & Mutations

You cannot be hasted, slowed, berserked, paralysed or teleported.
You can dig through walls and to a lower floor.
You have a pair of large antennae on your head. (SInv)
Your four strong arms can wield two-handed weapons with a shield.
You are frail. (-10% HP)


Message History

Duvessa hits you with a +2 rapier of flaming!
Duvessa burns you.
The vampire gestures wildly while chanting.
The vampire flickers and vanishes for a moment.
Unknown command.
Unknown command.
Unknown command.
It was a potion of ambrosia.
You are confused.
You feel invigorated. Duvessa barely misses you.
Duvessa hits you with a +2 rapier of flaming!
* * * LOW HITPOINT WARNING * * *
Duvessa burns you.
* * * LOW HITPOINT WARNING * * *
You are too confused!
Okay, then.
You are too confused!
Unknown command.
Unknown command.
Unknown command.
Unknown command.
You're too confused to cast spells.
Unknown command.
Unknown command.
You closely miss Duvessa.
Duvessa is lightly wounded.
Duvessa barely misses you. Duvessa misses you.
Unknown command.
Unknown command.
You completely miss the vampire.
The vampire is heavily damaged.
Duvessa barely misses you. The vampire misses you.
The vampire completely misses you.
Unknown command.
Unknown command.
Duvessa misses you.
Duvessa hits you with a +2 rapier of flaming!
* * * LOW HITPOINT WARNING * * *
Duvessa burns you!
You die...

..# .... ..... #####).....
###..........
###............ ######
###.........#.... #....####
##................
#.....#.###.@V..............
#............e#..##......#).
#..#..###...###..#..........
##.#..##...## #............
#.....#..## #..........
#........# ....###...
............# ...##
........###.# ..# ..........
....


You could see Duvessa (berserk) and a vampire (invisible, corroded).

Vanquished Creatures
  A scorpion (D:4)
  Dowan (D:5)
  A howler monkey (D:4)
  A jelly (D:5)
  Jessica (D:2)
  2 orc wizards (D:4)
  Terence (D:2)
  A hound zombie (D:5)
  4 gnolls (D:2)
  4 adders
  An ufetubus (D:4)
  3 worms
  2 dart slugs
  10 orcs
  8 bats
  7 endoplasms
  4 giant cockroaches
  9 goblins
  8 hobgoblins
  3 jackals (D:1)
  7 kobolds
  4 quokkas
  8 ball pythons
  A frilled lizard (D:3)
  3 rats
95 creatures vanquished.

Notes
Turn   | Place    | Note
-------+----------+-------------------------------------------
     0 | D:1      | KrombopulosMichael the Formicid Earth Elementalist began
                  | the quest for the Orb.
     0 | D:1      | Reached XP level 1. HP: 13/13 MP: 3/3
   115 | D:1      | Reached XP level 2. HP: 19/19 MP: 3/5
   413 | D:1      | Reached XP level 3. HP: 24/24 MP: 4/6
   966 | D:1      | Found a faded altar of an unknown god.
  1053 | D:2      | Noticed Terence
  1056 | D:2      | Killed Terence
  1057 | D:2      | Reached skill level 1 in Armour
  1057 | D:2      | Reached XP level 4. HP: 21/30 MP: 4/8
  1184 | D:2      | Learned a level 4 spell: Petrify
  1188 | D:2      | Learned a level 3 spell: Stone Arrow
  1322 | D:2      | Reached skill level 5 in Earth Magic
  1322 | D:2      | Reached XP level 5. HP: 35/35 MP: 2/9
  1619 | D:2      | Noticed Jessica
  1621 | D:2      | Killed Jessica
  2080 | D:3      | Found Xon Ocza's Jewellery Shop.
  2235 | D:3      | Gained mutation: You are frail. (-10% HP) [potion of
                  | mutation]
  2309 | D:3      | Reached XP level 6. HP: 30/36 MP: 10/12
  3406 | D:4      | Reached skill level 1 in Shields
  3479 | D:4      | Learned a level 1 spell: Magic Dart
  3797 | D:4      | Reached XP level 7. HP: 42/42 MP: 8/13
  4072 | D:5      | Entered Level 5 of the Dungeon
  4214 | D:5      | Noticed Dowan
  4217 | D:5      | Noticed a vampire
  4221 | D:5      | Killed Dowan
  4222 | D:5      | Reached skill level 5 in Spellcasting
  4222 | D:5      | Noticed Duvessa
  4232 | D:5      | HP: 2/42 [Duvessa/+2 rapier of flaming (6)]
  4236 | D:5      | Slain by Duvessa

Illustrated notes

Levels and vault maps discovered:
D:1:      saegor_arrival_simple_b, layout_basic, basic_ecumenical_altar
D:2:      layout_loops_ring, uniq_terence, uniq_jessica
D:3:      layout_rooms, serial_shops, nicolae_shop_waterfront
D:4:      layout_loops_ring
D:5:      layout_cave_pools, nicolae_overflow_hidden_temple,
          serial_bayou_pond_a, uniq_pikel, uniq_duvessa

Skill      XL: |  1  2  3  4  5  6  7 |
---------------+----------------------+-----
Earth Magic    | 4 5 |  5.7
Stealth        | 3 |  3.3
Armour         | 1 2 |  2.3
Spellcasting   | 3 4 5 |  5.0
Shields        | 1 2 |  2.0
Dodging        | 2 |  2.0
Fighting       | |  0.7
Short Blades   | |  0.9
Conjurations   | |  0.1
Transmutations | |  1.1

Action                   |  1- 3 |  4- 6 |  7- 9 || total
-------------------------+-------+-------+-------++-------
Melee: Whip              |     9 |    73 |       ||    82
       Punch             |     1 |       |       ||     1
       Dagger            |       |    33 |     4 ||    37
 Cast: Sandblast         |    29 |    45 |     6 ||    80
       Stone Arrow       |       |     4 |     2 ||     6
Evoke: Wand              |       |       |     2 ||     2
  Use: Scroll            |       |     6 |       ||     6
       Potion            |       |     2 |     1 ||     3
 Stab: Sleeping          |     1 |     3 |     1 ||     5
Armor: Robe              |     5 |       |       ||     5
       Ring mail         |       |    42 |       ||    42
Dodge: Dodged            |    13 |    58 |     8 ||    79
Block: Kite shield       |       |    18 |     3 ||    21
